Unix NetHack Version 5.0.0-0 post-release - last build May 10 2026 23:12:36 (d1fa5d53e341ca933230fdaa984d921c805b60aa,branch:main).

Game began 2026-05-14 08:08:46, ended 2026-05-14 08:43:04.

Eymerich, chaotic male elven Priest

                                   0###############0
              -----                #-----
              |...|                #|...|
              |...|             ####|...|     -------------
           ----...----          #----...----#%............|
     ----- |.........-#         #|.......{.|#  ...........|
     |[..|#-...>.....|#         #|.........|#    ..........
     |...|#|.........|#         #|.........|#      .......|
     |[[.-#----...----## ###    #----...----@      --------
     |.[.|    |...|    ## -.----####....|  '#
     -----    |...|     # |.....####|...|  #
              -----     # |....|    ---.-  #
                        ##-....|       #   #
                          |.....     --.---#
                          |.(..|     |...*|#
                          ------     |.<.^|#
                                     |....-#
                                     ------

Eymerich the Acolyte         St:14 Dx:10 Co:15 In:9 Wi:19 Ch:9  Chaotic
Dlvl:5  $:130 HP:0(27) Pw:61(61) AC:8  Xp:4 T:2435 

Latest messages:
 Pinky misses it.
 Pinky misses the straw golem.
 You hear some noises in the distance.
 You hear some noises.
 You hear some noises in the distance.
 You hear water falling on coins.
 You hear bubbling water.
 The door opens.
 You hear some noises in the distance.
 You find a hidden door.
 The hobgoblin opens a door.
 The hobgoblin hits!
 You hit the hobgoblin.
 The hobgoblin hits!
 You miss the hobgoblin.
 The hobgoblin hits!
 You kill the hobgoblin!
 Welcome to experience level 4.
 You feel awake!
 You hear the splashing of a naiad.
 Pinky bites it.
 It misses Pinky.
 It hits Pinky.
 Pinky misses it.
 You swap places with Pinky.
 The straw golem hits!
 The straw golem just misses!
 You hit the straw golem.
 The straw golem hits!
 The straw golem hits again!
 You hear some noises.
 You miss the straw golem.
 The straw golem hits!
 The straw golem hits again!
 You swap places with Pinky.
 What do you want to put on? [Z or ?*]
 Never mind.
 You swap places with Pinky.
 The straw golem hits!
 The straw golem hits again!
 You miss the straw golem.
 The straw golem hits!
 The straw golem hits again!
 What do you want to read? [sw or ?*]
 As you read the scroll, it disappears.
 Your mace glows blue for a while.
 The straw golem hits!
 The straw golem hits again!
 You die...
 Do you want your possessions identified? [ynq] (y)

Inventory:
 Coins    ('$')
  $ - 130 gold pieces
 Amulets  ('"')
  Z - an amulet of guarding
 Weapons  (')')
  A - a +0 elven bow
  m - 38 blessed +1 darts
  n - 12 +0 darts (at the ready)
  o - a rusty +0 dart
  W - a blessed +1 dagger
  S - a +0 elven dagger
  B - a +0 orcish dagger
  a - a blessed +4 mace (weapon in right hand)
 Armor    ('[')
  v - a +0 pair of elven boots (being worn)
  C - a fireproof +0 elven cloak (being worn)
  b - a +0 robe
 Comestibles  ('%')
  Y - 2 slime molds
  e - a clove of garlic
  V - a food ration
  X - a fortune cookie
  f - a sprig of wolfsbane
  u - a lichen corpse
 Scrolls  ('?')
  w - a cursed scroll of enchant weapon
 Potions  ('!')
  d - a potion of holy water
 Tools    ('(')
  j - a wooden flute
  i - a magic marker (0:20)
  q - a cursed skeleton key
 Gems/Stones  ('*')
  x - a worthless piece of orange glass named soft
  y - a worthless piece of red glass named soft

Eymerich the Priest's attributes:

Background:
 You were an Acolyte, a level 4 elven Priest.
 You were chaotic, on a mission for Susanowo
 who was opposed by Amaterasu Omikami (lawful) and Raijin (neutral).
 You were right-handed.
 You were in the Dungeons of Doom, on level 5.
 You entered the dungeon 2435 turns ago.
 You had 82 experience points, 78 more were needed to attain level 5.

Basics:
 You had 0 out of 27 hit points.
 You had all 61 energy points (spell power).
 Your armor class was 8.
 Your wallet contained 130 zorkmids.
 Autopickup was off.

Final Characteristics:
 Your strength was 14 (limit:18).
 Your dexterity was 10 (limit:18).
 Your constitution was 15 (limit:16).
 Your intelligence was 9 (limit:20).
 Your wisdom was 19 (limit:20).
 Your charisma was 9 (limit:18).

Final Status:
 You weren't hungry.
 You were unencumbered.
 You were wielding a mace.
 You had basic skill with mace.

Final Attributes:
 You were piously aligned.
 You were sleep resistant.
 You were poison resistant.
 You had infravision.
 You were stealthy.
 You were warded.
 You are dead.

Miscellaneous:
 You didn't encounter any bones levels.
 Total elapsed playing time was 34 minutes and 16 seconds.

Major events:
 Turn
    1: Eymerich the chaotic elven Priest entered the dungeon
 1297: attained the rank of Acolyte (level 3)
 1700: entered the Gnomish Mines
 2435: killed by a straw golem

Spells:
 Name                 Level Category     Fail Retention
 protection             1   clerical       0%   81%-90%
 cure sickness          3   healing       79%  76%-100%

Skills:
 Fighting Skills
   bare handed combat [Unskilled]
 Weapon Skills
   club               [Unskilled]
   mace               [Basic]
   morning star       [Unskilled]
   flail              [Unskilled]
   hammer             [Unskilled]
   quarterstaff       [Unskilled]
   polearms           [Unskilled]
   spear              [Unskilled]
   trident            [Unskilled]
   lance              [Unskilled]
   bow                [Unskilled]
   sling              [Unskilled]
   crossbow           [Unskilled]
   dart               [Unskilled]
   shuriken           [Unskilled]
   boomerang          [Unskilled]
   unicorn horn       [Unskilled]
 Spellcasting Skills
   healing spells     [Unskilled]
   divination spells  [Unskilled]
   clerical spells    [Basic]

Voluntary challenges:
 Character rerolling was not enabled.
 You never genocided any monsters.
 You never polymorphed an object.
 You never changed form.
 You used no wishes.
Achievements:
 You entered a shop.
 You attained the rank of Acolyte.
 You entered the Gnomish Mines.

 The Dungeons of Doom: levels 1 to 5
    Level 1: "vault"
       A fountain, a sink.
    Level 2:
       A fountain.
    Level 3: "vault"
       A ring shop.
    Level 4:
       A fountain.
       Stairs down to The Gnomish Mines.
    Level 5: <- You were here.
       An armor shop, a fountain.
       Final resting place for
          you, killed by a straw golem.
 The Gnomish Mines:
    Level 5:


Vanquished creatures:
  a gray ooze
  a rothe
  2 orc zombies
 an iguana
 an acid blob
  a hobbit
  a hobgoblin
  2 giant rats
  a brown mold
  a yellow mold
  a gnome zombie
  6 jackals
  a fox
  2 goblins
  2 sewer rats
  3 grid bugs
  5 lichens
  a kobold zombie
  3 newts
36 creatures vanquished.

No species were genocided or became extinct.

Game over:
                       ----------
                      /          \
                     /    REST    \
                    /      IN      \
                   /     PEACE      \
                  /                  \
                  |     Eymerich     |
                  |      130 Au      |
                  |   killed by a    |
                  |   straw golem    |
                  |                  |
                  |                  |
                  |       2026       |
                 *|     *  *  *      | *
        _________)/\\_//(\/(/\)/\//\/|_)_______

Goodbye Eymerich the Priest...

You died in The Dungeons of Doom on dungeon level 5 with 645 points,
and 130 pieces of gold, after 2435 moves.
You were level 4 with a maximum of 27 hit points when you died.

